 Dungeon Crawl Stone Soup version 0.19.0-2-gae57169 (webtiles) character file.

72 dvd the Stinger (level 4, -9/27 HPs)
             Began as an Octopode Venom Mage on Nov 6, 2016.
             Mangled by Grinder (10 damage)
             ... on level 3 of the Dungeon.
             The game lasted 00:06:54 (2711 turns).

dvd the Stinger (Octopode Venom Mage)               Turns: 2711, Time: 00:06:55

Health: -9/27      AC:  1    Str:  4 (7)  XL:     4   Next: 26%
Magic:  6/7        EV: 13    Int: 16 (18) God:
Gold:   97         SH:  0    Dex: 11 (12) Spells: 2 memorised, 3 levels left

rFire  . . .     SeeInvis .     l - +0 short sword
rCold  . . .     Gourm    .     (no shield)
rNeg   . . .     Faith    .     (helmet restricted)
rPois  +         Spirit   .     (no amulet)
rElec  .         Reflect  .     h - ring of poison resistance
rCorr  .         Harm     .     (no ring)
MR     .....                    (no ring)
Stlth  +++.......               (no ring)
                                (no ring)
                                (no ring)
                                (no ring)
                                (no ring)

@: no status effects
A: almost no armour, stealthy swim, amphibious, 8 rings, constrict 8, camouflage
1, gelatinous body 1
a: no special abilities


You were on level 3 of the Dungeon.
You were not hungry.

You visited 1 branch of the dungeon, and saw 3 of its levels.

You collected 97 gold pieces.

Inventory:

Hand Weapons
 j - a +0 dagger
 l - a +0 short sword (weapon)
Armour
 c - a +0 buckler
Jewellery
 h - a ring of poison resistance (left tentacle)
Scrolls
 d - a scroll of immolation {unknown}
 e - 2 scrolls of identify {unknown}
 f - 2 scrolls of remove curse {unknown}
 i - 2 scrolls of enchant armour {unknown}
Books
 a - a Young Poisoner's Handbook

   Spells                             Type                      Level
   a - Sting                          Conjuration/Poison           1
   b - Mephitic Cloud                 Conjuration/Poison/Air       3
   c - Olgreb's Toxic Radiance        Poison                       4
   d - Alistair's Intoxication        Transmutation/Poison         5
   e - Venom Bolt                     Conjuration/Poison           5
Comestibles
 b - 3 bread rations
 m - a beef jerky


   Skills:
 + Level 0.2 Short Blades
 + Level 2.4 Dodging
 + Level 3.3 Stealth
 * Level 0.8 Shields
 + Level 2.4 Spellcasting
 + Level 1.2 Conjurations
 + Level 5.4 Poison Magic


You had 3 spell levels left.
You knew the following spells:

 Your Spells              Type           Power        Failure   Level  Hunger
a - Sting                 Conj/Pois      ##..         8%          1    #......
b - Mephitic Cloud        Conj/Pois/Air  #.......     28%         3    ###....


Dungeon Overview and Level Annotations

Branches:
Dungeon (3/15)

Altars:
Cheibriados

Annotations:
D:2 Sigmund
D:3 Grinder


Innate Abilities, Weirdness & Mutations

You cannot wear most types of armour.
You are very stealthy in the water. (Stealth+)
You are amphibious.
You can wear up to eight rings at the same time.
You can use your tentacles to constrict eight enemies at once.
Your skin changes colour to match your surroundings (Stealth+).
Your rubbery body absorbs attacks. (AC +1, EV +1)


Message History

Grinder is lightly wounded.
You constrict Grinder. Grinder barely misses you.
You hit Grinder.
Grinder is moderately wounded.
You constrict Grinder. Grinder gestures at you. Pain shoots through your body!
* * * LOW HITPOINT WARNING * * *
Unknown command.
It was a potion of degeneration.
There was something very wrong with that liquid.
You feel weakened.
You feel dopey.
You feel clumsy.
You constrict Grinder. Grinder hits you.
* * * LOW HITPOINT WARNING * * *
You writhe in agony.
* * * LOW HITPOINT WARNING * * *
You hit Grinder but do no damage.
Grinder is moderately wounded.
Grinder hits you!
You die...

#$ ##.......##
#.##......<..#
####.###.......##
#.............##
#............##
###.........#.###
#...............#
#.#.........###.#
#.$).5@.....# .#
#.#........## #
#####.#..# #.#.##
..#)# ####.# #.#
#.# #.#


You could see Grinder.

Vanquished Creatures
  3 adders
  2 oozes (D:1)
  A dart slug (D:2)
  An orc (D:3)
  2 giant cockroaches
  4 goblins
  3 hobgoblins
  3 jackals (D:1)
  A ball python (D:1)
  10 bats
  2 frilled lizards
  2 kobolds
  3 rats (D:1)
37 creatures vanquished.

Notes
Turn   | Place    | Note
-------+----------+-------------------------------------------
     0 | D:1      | dvd the Octopode Venom Mage began the quest for the Orb.
     0 | D:1      | Reached XP level 1. HP: 11/11 MP: 3/3
   381 | D:1      | Reached skill level 5 in Poison Magic
   381 | D:1      | Reached XP level 2. HP: 17/17 MP: 1/5
   985 | D:1      | Reached XP level 3. HP: 21/21 MP: 2/6
  1245 | D:1      | Learned a level 3 spell: Mephitic Cloud
  1814 | D:2      | Noticed Sigmund
  1859 | D:2      | Reached skill level 1 in Conjurations
  2020 | D:2      | Found a snail-covered altar of Cheibriados.
  2074 | D:2      | Found a faded altar of an unknown god.
  2153 | D:2      | Reached XP level 4. HP: 26/27 MP: 0/7
  2669 | D:3      | Noticed Grinder
  2710 | D:3      | HP: 1/27 [Grinder (2)]
  2711 | D:3      | Mangled by Grinder

Skill      XL: |  1  2  3 |
---------------+----------+-----
Poison Magic   | 5 |  5.4
Stealth        | 3 |  3.3
Conjurations   | 1 |  1.2
Short Blades   | |  0.2
Dodging        | |  2.4
Shields        | |  0.8
Spellcasting   | |  2.4

Action                   |  1- 3 |  4- 6 || total
-------------------------+-------+-------++-------
Melee: Unarmed           |    37 |       ||    37
       Constrict         |    11 |     4 ||    15
       Tentacles         |     4 |     2 ||     6
       Dagger            |     3 |       ||     3
       Short sword       |    13 |    15 ||    28
 Cast: Sting             |    54 |    10 ||    64
  Use: Potion            |       |     1 ||     1
 Stab: Sleeping          |     5 |       ||     5
  Eat: Chunk             |     4 |     2 ||     6
Armor: Skin              |     5 |       ||     5
Dodge: Dodged            |    36 |     7 ||    43
Block: Buckler           |     8 |       ||     8
